Map: Neon Violet Square LE

Players

BenderTHEred - Winner!

  • Race: Terran Terran
  • League: Silver
  • Spawn Location: 11:00

Mancer

  • Race: Zerg Zerg
  • League: Silver
  • Spawn Location: 5:00

VOD

Have the link to the VOD?

Description

I get rekt by battlecruisers

Time

  • Played on: Feb. 24, 2018, 5:45 p.m.
  • Length: 20:29
Show
View Real Time Build Order
Export as new Build Order

BenderTHEred Terran - Winner!

Build Orders:  

Get SALT Encoding   

  12  0:02  SCV  
  13  0:16  Supply Depot  
  13  0:33  SCV  
  13  0:35  Supply Depot  
  14  0:44  Barracks  
  14  1:02  Refinery  
  14  1:33  Command Center  
  14  1:34  Marine  
  15  1:42  SCV  
  16  1:52  Marine  
  17  1:54  SCV  
  18  2:06  SCV  
  19  2:23  Refinery  
  19  2:31  Engineering Bay  
  19  2:47  Supply Depot  
  19  3:16  Command Center, Planetary Fortress  
  19  3:29  Factory  
  19  3:51  Bunker  
  19  3:55  SCV  
  20  4:04  SCV  
  20  4:07  SCV  
  22  4:16  Marine, SCV  
  24  4:19  SCV  
  25  4:34  Marine  
  26  4:40  Factory Tech Lab  
  26  4:49  Missile Turret  
  26  4:52  Marine, Orbital Command  
  27  5:09  Supply Depot  
  27  5:19  SCV  
  28  5:24  Siege Tank  
  31  5:30  SCV  
  31  5:31  SCV  
  33  5:43  SCV x2  
  33  5:45  Supply Depot  
  35  5:51  Supply Depot  
  35  5:55  SCV  
  36  6:04  Widow Mine  
  38  6:07  SCV  
  39  6:17  Supply Depot  
  39  6:18  SCV  
  40  6:25  Widow Mine  
  42  6:29  SCV  
  42  6:30  SCV  
  42  6:32  SCV  
  45  6:41  SCV  
  45  6:42  SCV  
  45  6:44  SCV  
  45  6:46  Widow Mine  
  50  6:53  Supply Depot, SCV  
  51  7:03  SCV  
  51  7:05  SCV  
  51  7:08  Widow Mine, Refinery  
  55  7:10  Refinery  
  55  7:12  SCV  
  55  7:15  Supply Depot, SCV  
  57  7:17  SCV  
  58  7:23  Refinery  
  58  7:24  Refinery, SCV  
  58  7:27  SCV  
  58  7:29  SCV  
  61  7:32  Starport  
  61  7:36  Barracks Tech Lab, SCV, Armory  
  62  7:39  SCV  
  62  7:42  SCV  
  64  7:48  SCV  
  66  7:51  SCV  
  66  7:54  Supply Depot  
  67  8:00  SCV  
  67  8:02  Orbital Command  
  67  8:10  Hellion  
  69  8:14  Infernal Pre-Igniter  
  69  8:17  Supply Depot  
  69  8:18  Starport Tech Lab  
  69  8:29  Fusion Core  
  69  8:31  Hellion  
  71  8:52  Supply Depot  
  71  8:53  Hellion  
  73  9:14  Hellion  
  73  9:15  Supply Depot  
  73  9:16  Battlecruiser  
  81  9:18  Starport  
  81  9:26  Weapon Refit  
  81  9:35  Hellion  
  83  10:02  Supply Depot  
  79  10:21  Battlecruiser  
  81  10:31  Bunker  
  81  10:38  Bunker  
  81  10:44  Widow Mine  
  83  10:55  Terran Ship Weapons Level 1  
  83  11:05  Widow Mine  
  85  11:20  Supply Depot  
  85  11:25  Battlecruiser  
  91  11:26  Widow Mine  
  93  11:43  Supply Depot  
  93  11:48  Widow Mine  
  95  12:02  Starport  
  95  12:09  Widow Mine, Starport Tech Lab  
  97  12:26  Supply Depot  
  97  12:29  Battlecruiser  
  103  12:32  Battlecruiser  
  109  12:40  Starport, Starport Tech Lab  
  109  12:51  Supply Depot  
  109  13:08  Battlecruiser  
  115  13:33  Battlecruiser  
  121  13:36  Battlecruiser  
  121  13:40  Command Center  
  127  13:56  Terran Ship Weapons Level 2  
  127  13:57  Command Center  
  127  14:12  Battlecruiser  
  133  14:38  Battlecruiser  
  139  14:41  Battlecruiser  
  145  15:03  Starport Tech Lab  
  145  15:16  Battlecruiser  
  151  15:25  Battlecruiser  
  157  15:42  Battlecruiser  
  163  15:45  Battlecruiser  
  169  15:55  Planetary Fortress  
  169  16:06  Command Center  
  169  16:11  Planetary Fortress  
  169  16:14  Command Center  
  169  16:19  Terran Ship Weapons Level 3  
  169  16:21  Battlecruiser  
  175  16:29  Battlecruiser  
  181  16:46  Battlecruiser  
  185  16:49  Battlecruiser  
  191  17:25  Battlecruiser  
Show
View Real Time Build Order
Export as new Build Order

Mancer Zerg 

Build Orders: Pool First 

Get SALT Encoding   

  12  0:01  Drone  
  13  0:13  Overlord  
  13  0:19  Drone  
  14  0:35  Drone  
  14  0:36  Drone x2  
  17  0:47  Spawning Pool  
  16  0:51  Extractor  
  16  0:52  Drone  
  16  1:22  Hatchery  
  16  1:25  Drone x2  
  17  1:29  Drone  
  18  1:38  Queen  
  20  1:45  Zergling x2  
  21  1:48  Zergling x2  
  22  1:57  Overlord  
  22  2:20  Overlord  
  22  2:22  Drone  
  23  2:24  Spore Crawler  
  22  2:31  Roach Warren  
  22  2:35  Drone  
  22  2:39  Metabolic Boost  
  22  2:52  Drone x2  
  22  2:53  Drone, Overlord  
  22  2:56  Zergling x2  
  26  3:07  Drone x3  
  29  3:35  Hatchery  
  28  4:03  Roach x2, Zergling x2  
  28  4:05  Drone x3, Queen  
  38  4:24  Evolution Chamber  
  38  4:26  Drone x2  
  38  4:27  Evolution Chamber  
  38  4:29  Drone x2  
  40  4:39  Drone  
  40  4:41  Queen  
  43  4:54  Roach  
  43  4:59  Zerg Missile Weapons Level 1  
  45  5:00  Zerg Ground Armor Level 1  
  45  5:02  Drone  
  45  5:04  Extractor  
  45  5:07  Roach, Zergling x2  
  45  5:08  Roach x2, Zergling x2  
  53  5:18  Lair  
  53  5:34  Drone x2  
  53  5:35  Drone  
  56  5:38  Overlord  
  56  5:39  Overlord  
  56  5:50  Overlord  
  56  5:59  Queen  
  58  6:06  Drone x2  
  58  6:10  Drone  
  61  6:29  Drone x2, Spire  
  61  6:32  Drone x3  
  65  6:34  Overlord x2  
  65  6:43  Hydralisk Den  
  64  6:54  Zerg Missile Weapons Level 2  
  64  6:58  Roach  
  64  7:00  Zergling x8  
  64  7:01  Zergling x10  
  74  7:02  Zergling x2  
  76  7:24  Hydralisk x2  
  76  7:26  Roach x2  
  76  7:29  Overlord  
  84  7:32  Drone  
  84  7:33  Drone x2  
  87  7:47  Ravager  
  88  7:52  Extractor  
  88  7:54  Drone x2, Extractor  
  88  7:55  Drone  
  89  8:02  Queen  
  89  8:03  Drone  
  89  8:04  Drone  
  93  8:06  Grooved Spines  
  93  8:15  Drone  
  94  8:28  Drone  
  94  8:29  Drone x2  
  94  8:32  Overlord x2  
  97  8:35  Drone  
  97  8:36  Drone x2  
  100  8:46  Hydralisk x2  
  100  8:47  Roach  
  106  8:52  Corruptor, Mutalisk x2  
  112  9:00  Hydralisk  
  112  9:01  Hydralisk  
  116  9:44  Drone x2  
  116  9:45  Drone  
  119  9:53  Drone x2  
  70  10:26  Pneumatized Carapace  
  70  10:32  Hydralisk x4, Corruptor x4, Mutalisk x2, Roach  
  70  10:33  Roach x3  
  98  10:45  Extractor  
  98  10:47  Extractor  
  98  10:48  Drone  
  97  11:08  Zerg Melee Weapons Level 1  
  97  11:09  Zerg Ground Armor Level 2  
  97  11:13  Hatchery  
  96  11:29  Drone x3  
  99  11:41  Hydralisk x2, Zergling x12  
  99  11:42  Roach x2  
  113  12:29  Overlord  
  113  12:32  Overlord  
  113  12:33  Overlord  
  113  12:41  Zerg Flyer Weapons Level 1  
  113  12:47  Mutalisk, Zergling x2  
  113  12:48  Hydralisk x3, Zergling x4, Mutalisk x3, Roach  
  113  12:49  Roach, Zergling x2  
  135  13:02  Overseer  
  135  13:07  Overseer  
  135  13:36  Hydralisk, Mutalisk  
  135  13:37  Hydralisk  
  135  13:41  Ravager x5  
  146  14:12  Infestation Pit  
  145  14:18  Zerg Melee Weapons Level 2  
  145  14:32  Overlord x2  
  145  14:33  Overlord  
  145  14:35  Zerg Flyer Armor Level 1  
  145  14:46  Drone x2  
  145  14:47  Drone  
  145  14:50  Hive  
  148  15:56  Extractor  
  148  15:57  Drone x3, Extractor  
  147  16:01  Hydralisk x3, Overlord x2  
  147  16:02  Hydralisk, Roach x4  
  165  16:11  Zerg Missile Weapons Level 3  
  165  16:34  Zerg Ground Armor Level 3  
  165  16:35  Muscular Augments  
  158  16:51  Zergling x10  
  158  17:20  Corruptor x3, Mutalisk x3  
  158  17:21  Hydralisk  
  158  17:22  Roach, Zergling x4  
  176  17:23  Zergling x4  
  176  17:29  Ultralisk Cavern  
  177  17:30  Greater Spire  
  177  17:37  Overseer  
  149  18:16  Ultralisk x2  
  149  18:17  Ultralisk x6  
  176  18:22  Hydralisk x3  
  176  18:23  Corruptor  
  130  18:37  Drone  
  110  18:45  Corruptor x6  
  114  19:03  Zergling x2  
  114  19:04  Zergling x10  
  54  19:50  Zergling x4  
  54  19:51  Zergling x8  
Tags
 
Add a new tag
Caveats
  • Supply blocks, unpowered buildings, or Contaminate may cause inaccurate times.
  • Supply counts are checked every 10 seconds.